 Dungeon Crawl Stone Soup version 0.18.1-50-g88ac8fd (webtiles) character file.

2187 dvd the Magician (level 9, -5/63 HPs)
             Began as a Demonspawn Fire Elementalist on Oct 21, 2016.
             Slain by an orc warrior
             ... wielding a +0 glaive
              (13 damage)
             ... in a bailey.
             The game lasted 00:20:38 (6297 turns).

dvd the Magician (Demonspawn Fire Elementalist)     Turns: 6297, Time: 00:20:38

Health: -5/63      AC: 13    Str: 15    XL:     9   Next: 11%
Magic:  17/17      EV: 15    Int: 19    God:
Gold:   316        SH:  0    Dex: 17    Spells: 3 memorised, 12 levels left

rFire  . . .     SeeInvis .     a - +3 dire flail (protect)
rCold  + . .     Gourm    .     h - +0 robe
rNeg   . . .     Faith    .     (shield currently unavailable)
rPois  .         Spirit   .     (helmet restricted)
rElec  .         Dismiss  .     q - +2 cloak
rCorr  .         Reflect  .     (no gloves)
SustAt .         Harm     .     (no boots)
MR     .....                    y - amulet of regeneration
Stlth  +++.......               o - +4 ring of dexterity
                                t - ring of protection from cold

@: mighty, flying, very slightly contaminated, not resistant to hostile
enchantments, fairly stealthy
A: horns 2, yellow scales 2, demonic guardian 1
a: no special abilities


You were in a bailey.
You were not hungry.

You visited 1 branch of the dungeon, and saw 8 of its levels.
You also visited: Bailey.

You collected 316 gold pieces.

Inventory:

Hand Weapons
 a - a +3 dire flail of protection (weapon)
 b - a +1 short sword of speed
 i - a +1 dagger of draining
 p - a +0 long sword
 J - a +0 shortbow of evasion
Armour
 h - a +0 robe (worn)
 q - a +2 cloak (worn)
Jewellery
 o - a +4 ring of dexterity (right hand)
 t - a ring of protection from cold (left hand)
 y - an amulet of regeneration (around neck)
 B - an uncursed ring of fire
Wands
 I - a wand of flame (10/48)
 K - a wand of slowing (5/48)
 M - a wand of flame (28/48)
Scrolls
 d - 3 scrolls of random uselessness {unknown}
 f - a scroll of noise {unknown}
 k - 3 scrolls of enchant armour {unknown}
 m - 7 scrolls of identify {unknown}
 s - 4 scrolls of fear {unknown}
 u - 3 scrolls of remove curse {unknown}
 w - a scroll of blinking {unknown}
 x - a scroll of fog {unknown}
 A - 2 scrolls of amnesia {unknown}
 G - 2 scrolls of teleportation {unknown}
Potions
 j - 3 potions of flight
 l - a potion of cure mutation {unknown}
 v - a potion of might
 z - a potion of haste {unknown}
 E - a potion of magic
 F - a potion of heal wounds {unknown}
 H - a potion of lignification {unknown}
Books
 e - Vivu Ber's Handbook of Dusty Shape Shifting
   (You found it on level 5 of the Dungeon)

   Spells                             Type                      Level
   a - Beastly Appendage              Transmutation                1
   b - Spider Form                    Transmutation/Poison         3
   c - Yara's Violent Unravelling     Hexes/Transmutation          5
   d - Blade Hands                    Transmutation                5
   e - Statue Form                    Transmutation/Earth          6
 C - a book of Flames

   Spells                             Type                      Level
   a - Flame Tongue                   Conjuration/Fire             1
   b - Throw Flame                    Conjuration/Fire             2
   c - Conjure Flame                  Conjuration/Fire             3
   d - Inner Flame                    Hexes/Fire                   3
   e - Sticky Flame                   Conjuration/Fire             4
   f - Fireball                       Conjuration/Fire             5
 N - a book of Clouds

   Spells                             Type                      Level
   a - Mephitic Cloud                 Conjuration/Poison/Air       3
   b - Conjure Flame                  Conjuration/Fire             3
   c - Poisonous Cloud                Conjuration/Poison/Air       6
   d - Freezing Cloud                 Conjuration/Ice/Air          6
   e - Ring of Flames                 Charms/Fire                  7
Comestibles
 c - 2 bread rations
 g - 2 slices of pizza
 n - 4 meat rations
 r - 2 beef jerkies
 D - 5 chunks of flesh
 L - 24 fruits


   Skills:
 + Level 3.0 Fighting
 + Level 0.6 Short Blades
 + Level 2.1 Maces & Flails
 + Level 4.7 Dodging
 + Level 3.8 Stealth
 + Level 5.7 Spellcasting
 + Level 5.0 Conjurations
 + Level 5.6 Fire Magic


You had 12 spell levels left.
You knew the following spells:

 Your Spells              Type           Power        Failure   Level  Hunger
a - Flame Tongue          Conj/Fire      ####.        1%          1    None
b - Throw Flame           Conj/Fire      ####..       1%          2    None
c - Sticky Flame          Conj/Fire      ####....     14%         4    ####...


Dungeon Overview and Level Annotations

Branches:
Dungeon (9/15)
 Temple: D:4-7         Lair: D:8-11         Orc: D:9-12

Altars:
Yredelemnul


Innate Abilities, Weirdness & Mutations

You have a pair of horns on your head.
You are mostly covered in yellow scales (AC +3).
A weak demonic guardian rushes to your aid.


Message History

The orc hits your ufetubus with a trident.
The orc closely misses your ufetubus. The orc hits you but does no damage.
The orc misses you.
The orc hits your ufetubus but does no damage.
Your ufetubus hits the orc.
Your ufetubus barely misses the orc.
Read which item? (? for menu, Esc to quit)
Okay, then.
Unknown command.
Drink which item? (? for menu, Esc to quit)
It was a potion of might.
You feel very mighty all of a sudden. The orc barely misses your ufetubus.
Your ufetubus hits the orc but does no damage.
Your ufetubus hits the orc.
The orc hits your ufetubus with a trident!
Your ufetubus dies!
The orc closely misses you. The orc completely misses you.
The orc closely misses you.
The orc warrior hits you from afar with a glaive!
You die...

#.......#
#.......#
#.......#
#.......#
#...)...#
#...ooo.#
#.ooo.o.#
#∩....)∩#
#...@...#
##..∩..##
#######


You could see an orc warrior and 6 orcs.

Vanquished Creatures
  Sigmund (D:5)
  Edmund (D:4)
  2 orc warriors
  2 sky beasts
  An ogre (D:5)
  A phantom (D:9)
  3 ice beasts
  2 big kobolds (D:8)
  2 giant frogs
  A scorpion (D:4)
  2 crimson imps
  A giant frog zombie (D:8)
  A hound (D:5)
  2 orc priests
  3 iguanas
  4 orc wizards
  2 worker ants
  A hound skeleton (D:4)
  11 adders
  An adder skeleton (D:5)
  2 worms (D:2)
  2 dart slugs
  5 giant geckos
  19 orcs
  A ball python (D:5)
  A giant cockroach (D:4)
  16 goblins
  10 hobgoblins
  6 jackals
  2 quokkas
  A ball python zombie (D:5)
  10 bats
  14 giant newts
  17 kobolds
  3 rats
153 creatures vanquished.

Vanquished Creatures (collateral kills)
  An orc warrior (D:8)
  A centaur (D:9)
  An orc (Bailey)
  5 kobolds (D:8)
8 creatures vanquished.

Grand Total: 161 creatures vanquished

Notes
Turn   | Place    | Note
--------------------------------------------------------------
     0 | D:1      | dvd the Demonspawn Fire Elementalist began the quest for the Orb.
     0 | D:1      | Reached XP level 1. HP: 13/13 MP: 3/3
   324 | D:1      | Gained mutation: You have a pair of small horns on your head. [demonic ancestry]
   324 | D:1      | Reached XP level 2. HP: 16/19 MP: 3/5
   589 | D:1      | Learned a level 2 spell: Throw Flame
   712 | D:1      | Gained mutation: You have a pair of horns on your head. [demonic ancestry]
   712 | D:1      | Reached XP level 3. HP: 24/24 MP: 0/6
  1077 | D:2      | Found a basalt altar of Yredelemnul.
  1597 | D:2      | Gained mutation: You are partially covered in yellow scales (AC +2). [demonic ancestry]
  1597 | D:2      | Reached XP level 4. HP: 20/30 MP: 5/7
  2737 | D:3      | Reached XP level 5. HP: 36/36 MP: 1/9
  3501 | D:4      | Learned a level 4 spell: Sticky Flame
  3730 | D:4      | Reached XP level 6. HP: 30/42 MP: 7/11
  4391 | D:5      | Entered Level 5 of the Dungeon
  4516 | D:5      | Noticed an ice beast
  4545 | D:5      | Killed an ice beast
  4545 | D:5      | Gained mutation: You are mostly covered in yellow scales (AC +3). [demonic ancestry]
  4545 | D:5      | Reached XP level 7. HP: 35/47 MP: 0/13
  4775 | D:5      | Identified Vivu Ber's Handbook of Dusty Shape Shifting
  4840 | D:5      | Noticed Sigmund
  4849 | D:5      | Noticed Edmund
  4913 | D:4      | Killed Edmund
  4913 | D:4      | Reached skill level 1 in Fighting
  5021 | D:5      | Killed Sigmund
  5250 | D:5      | Reached skill level 5 in Spellcasting
  5250 | D:5      | Reached skill level 5 in Fire Magic
  5250 | D:5      | Gained mutation: A weak demonic guardian rushes to your aid. [demonic ancestry]
  5250 | D:5      | Reached XP level 8. HP: 54/54 MP: 7/15
  5905 | D:6      | You fall through a shaft for 3 floors!
  6006 | D:9      | Reached skill level 1 in Maces & Flails
  6122 | D:8      | Reached XP level 9. HP: 20/62 MP: 2/17
  6251 | D:8      | Found a flagged portal.
  6271 | Bailey   | Entered a bailey
  6282 | Bailey   | Reached skill level 5 in Conjurations
  6297 | Bailey   | Slain by an orc warrior

Skill      XL: |  1  2  3  4  5  6  7  8  9 |
---------------+----------------------------+-----
Fire Magic     | 3 4 5 |  5.6
Stealth        | 2 3 |  3.8
Dodging        | 2 3 4 |  4.7
Conjurations   | 2 3 4 5 |  5.0
Spellcasting   | 3 4 5 |  5.7
Fighting       | 1 2 3 |  3.0
Maces & Flails | 1 2 |  2.1
Short Blades   | |  0.6

Action                   |  1- 3 |  4- 6 |  7- 9 || total
-------------------------+-------+-------+-------++-------
Melee: Club              |     5 |       |       ||     5
       Dagger            |    38 |    29 |       ||    67
       Headbutt          |     1 |    11 |    18 ||    30
       Short sword       |       |    34 |     7 ||    41
       Dire flail        |       |       |   111 ||   111
 Cast: Flame Tongue      |    60 |    90 |    34 ||   184
       Throw Flame       |     3 |    22 |     5 ||    30
       Sticky Flame      |       |       |    20 ||    20
  Use: Potion            |       |       |     3 ||     3
 Stab: Sleeping          |     1 |     4 |     4 ||     9
  Eat: Chunk             |     3 |    10 |    10 ||    23
Armor: Robe              |    12 |    32 |    66 ||   110
Dodge: Dodged            |    44 |    44 |   168 ||   256
